 Dungeon Crawl Stone Soup version 0.17-a0-1056-g838d5c0 (webtiles) character file.

78 Vivisectus the Magician (level 4, -3/24 HPs)
             Began as a Deep Elf Wizard on May 16, 2015.
             Slain by an orc wizard
             ... wielding a +1 dagger of venom
              (5 damage)
             ... on level 3 of the Dungeon.
             The game lasted 00:12:11 (1802 turns).

Vivisectus the Magician (Deep Elf Wizard)           Turns: 1802, Time: 00:12:11

Health: -3/24      AC:  2    Str:  4    XL:     4   Next: 15%
Magic:  6/14       EV: 12    Int: 24    God:
Gold:   152        SH:  0    Dex: 13    Spells: 4 memorised, 7 levels left

rFire  . . .     SeeInvis .     f - +0 dagger
rCold  . . .     Clarity  .     a - +0 robe
rNeg   . . .     SustAb   .     (no shield)
rPois  .         Gourm    .     b - +0 hat
rElec  .         Spirit   .     (no cloak)
rCorr  .         Warding  .     (no gloves)
rMut   .         Stasis   .     (no boots)
MR     .....                    (no amulet)
Stlth  ++........               (no ring)
                                (no ring)

@: lethally poisoned (-3 -> -19), not resistant to hostile enchantments,
unstealthy
A: no striking features
a: no special abilities


You were on level 3 of the Dungeon.
You were hungry.

You visited 1 branch of the dungeon, and saw 3 of its levels.

You collected 152 gold pieces.

Inventory:

Hand weapons
 f - a +0 dagger (weapon)
Armour
 a - a +0 robe (worn)
 b - a +0 hat (worn)
Scrolls
 e - a scroll of teleportation
 g - a scroll of immolation {unknown}
 h - a scroll of noise {unknown}
 j - a scroll of fog {unknown}
 k - a scroll of identify
 o - a scroll of amnesia {unknown}
 p - a scroll of magic mapping {unknown}
Potions
 l - a potion of might {unknown}
 m - a potion of heal wounds {unknown}
Books
 c - a book of Minor Magic

   Spells                             Type                      Level
   a - Magic Dart                     Conjuration                  1
   b - Blink                          Translocation                2
   c - Call Imp                       Summoning                    2
   d - Repel Missiles                 Charms/Air                   2
   e - Slow                           Hexes                        2
   f - Conjure Flame                  Conjuration/Fire             3
   g - Mephitic Cloud                 Conjuration/Poison/Air       3
Comestibles
 d - 2 bread rations
 i - 2 royal jellies


   Skills:
 - Level 2.4 Dodging
 - Level 2.5 Stealth
 + Level 6.0 Spellcasting
 - Level 1.9 Conjurations
 + Level 2.2 Summonings
 - Level 1.1 Translocations


You had 7 spell levels left.
You knew the following spells:

 Your Spells              Type           Power        Failure   Level  Hunger
a - Magic Dart            Conj           ###.         4%          1    None
b - Blink                 Tloc           N/A          10%         2    None
c - Call Imp              Summ           ###.....     6%          2    None
d - Mephitic Cloud        Conj/Pois/Air  ##......     21%         3    #......


Dungeon Overview and Level Annotations

Branches:
Dungeon (3/15)

Altars:


Message History

Something misses your crimson imp.
You swap places.
You hear some strange, mumbled words.
Something tries to affect you, but you resist.
You swap places.
Something barely misses your crimson imp.
Something hits your crimson imp.
You swap places.
Your crimson imp closely misses something.
Something hits you. Something hits you.
You are poisoned.
You feel sick. Something hits you.
* * * LOW HITPOINT WARNING * * *
You are more poisoned.
Drink which item? (? for menu, Esc to quit)
It was a potion of cancellation.
You feel magically purged.
* * * LOW HITPOINT WARNING * * *
You feel sick. Something hits you.
You die...

#. #.#.#.# #.#.#.#
#.#.#.# #.#.#[######
#####.......5..#
#...........5..#
#######........)@....#
..<....†.....<.5.....#
............#)#.######
######......#.#[#
#...#########.#..
...... #.#### #...###
#.# ....... ... #.....
...##


You could see 3 friendly crimson imps.

Vanquished Creatures
  2 gnolls (D:2)
  An ooze (D:1)
  2 giant geckos
  An orc (D:3)
  4 bats
  2 giant cockroaches (D:1)
  9 goblins
  4 hobgoblins
  6 kobolds
  2 quokkas (D:2)
  2 giant newts (D:2)
  7 rats
42 creatures vanquished.

Vanquished Creatures (collateral kills)
  A gnoll (D:2)
  An ooze (D:3)
  An orc (D:3)
  A bat (D:2)
  A giant cockroach (D:2)
  3 hobgoblins (D:2)
  3 jackals (D:3)
  A goblin (D:1)
  A rat (D:2)
13 creatures vanquished.

Vanquished Creatures (others)
  A shadow imp (D:2)
1 creature vanquished.

Grand Total: 56 creatures vanquished

Notes
Turn   | Place    | Note
--------------------------------------------------------------
     0 | D:1      | Vivisectus the Deep Elf Wizard began the quest for the Orb.
     0 | D:1      | Reached XP level 1. HP: 10/10 MP: 7/7
   210 | D:1      | Reached skill level 5 in Spellcasting
   220 | D:1      | Reached XP level 2. HP: 13/15 MP: 1/10
   238 | D:1      | Learned a level 2 spell: Blink
   241 | D:1      | Learned a level 2 spell: Call Imp
   572 | D:1      | Reached XP level 3. HP: 19/19 MP: 7/11
   598 | D:1      | Learned a level 3 spell: Mephitic Cloud
  1527 | D:2      | Reached XP level 4. HP: 24/24 MP: 10/13
  1690 | D:3      | Reached skill level 6 in Spellcasting
  1802 | D:3      | Slain by an orc wizard

Vault maps used:
D:1:      dpeg_arrival_simpleton_a
D:2:      serial_corexii_hall, corexii_hall_statues_s, corexii_hall_statues_u,
          first_bread, corexii_hall_statues_i
D:3:      minmay_fountain_box

Action                   |  1- 3 |  4- 6 || total
-------------------------+-------+-------++-------
Melee: Dagger            |    17 |     4 ||    21
 Cast: Magic Dart        |    74 |     6 ||    80
       Call Imp          |     8 |     8 ||    16
       Mephitic Cloud    |     1 |       ||     1
  Use: Scroll            |     3 |       ||     3
       Potion            |       |     1 ||     1
  Eat: Chunk             |     2 |       ||     2
